 Dungeon Crawl Stone Soup version 0.18-a0-19-g8b99b3a (webtiles) character file.

201 Ijustatesigmund the Sneak (level 5, -1/28 HPs)
             Began as a Deep Elf Wizard on Nov 1, 2015.
             Killed from afar by Natasha (5 damage)
             ... with a magic dart
             ... on level 4 of the Dungeon.
             The game lasted 00:08:05 (3441 turns).

Ijustatesigmund the Sneak (Deep Elf Wizard)         Turns: 3441, Time: 00:08:05

Health: -1/28      AC:  4    Str:  4    XL:     5   Next: 50%
Magic:  9/13       EV: 13    Int: 23    God:
Gold:   98         SH:  0    Dex: 14    Spells: 4 memorised, 4 levels left

rFire  . . .     SeeInvis .     h - +0 dagger
rCold  . . .     Clarity  .     a - +0 robe
rNeg   . . .     SustAt   +     (no shield)
rPois  .         Gourm    .     b - +2 hat
rElec  .         Spirit   .     (no cloak)
rCorr  .         Warding  .     (no gloves)
rMut   .         Stasis   .     (no boots)
MR     +....                    p - amulet of rage
Stlth  +++.......               v - ring of protection from magic
                                r - ring of sustain attributes

@: somewhat resistant to hostile enchantments, fairly stealthy
A: no striking features
a: Evoke Berserk Rage


You were on level 4 of the Dungeon.
You were very hungry.

You visited 1 branch of the dungeon, and saw 4 of its levels.

You collected 98 gold pieces.

Inventory:

Hand Weapons
 e - a +0 hunting sling
 h - a +0 dagger (weapon)
 k - a cursed -2 hunting sling
Missiles
 l - 82 stones (quivered)
 m - 6 exploding tomahawks
Armour
 a - a +0 robe (worn)
 b - a +2 hat (worn)
 g - a cursed +0 scale mail
Jewellery
 p - an amulet of rage (around neck)
 r - a ring of sustain attributes (left hand)
 v - a ring of protection from magic (right hand)
Scrolls
 f - a scroll of remove curse
 n - 4 scrolls of blinking
 o - a scroll of recharging
 u - a scroll of teleportation
 w - a scroll of fear
Potions
 i - 2 potions of curing
 s - a potion of mutation
 t - a potion of ambrosia
 x - a potion of heal wounds
Books
 c - a book of Minor Magic

   Spells                             Type                      Level
   a - Magic Dart                     Conjuration                  1
   b - Blink                          Translocation                2
   c - Call Imp                       Summoning                    2
   d - Repel Missiles                 Charms/Air                   2
   e - Slow                           Hexes                        2
   f - Conjure Flame                  Conjuration/Fire             3
   g - Mephitic Cloud                 Conjuration/Poison/Air       3
Comestibles
 d - 5 bread rations
 j - 3 meat rations


   Skills:
 - Level 2.0 Short Blades
 - Level 2.4 Dodging
 + Level 5.2 Stealth
 - Level 4.4 Spellcasting
 + Level 3.5 Conjurations
   Level 1.1 Summonings
 - Level 1.1 Translocations
 + Level 0.4 Air Magic
 + Level 0.4 Poison Magic


You had 4 spell levels left.
You knew the following spells:

 Your Spells              Type           Power        Failure   Level  Hunger
a - Magic Dart            Conj           ###.         2%          1    None
b - Blink                 Tloc           N/A          12%         2    None
c - Repel Missiles        Chrm/Air       #.....       17%         2    None
d - Mephitic Cloud        Conj/Pois/Air  ##......     17%         3    ##.....


Dungeon Overview and Level Annotations

Branches:
Dungeon (4/15)
 Temple: D:4-7

Altars:
Fedhas
Nemelex Xobeh
Qazlal
Yredelemnul
The Shining One

Annotations:
D:4 Blork the orc, Natasha


Message History

* * * LOW HITPOINT WARNING * * *
Casting: Magic Dart
Confirm with . or Enter, or press ? or * to list all spells.
Aiming: Magic Dart
Press: ? - help, Shift-Dir - straight line, f/p - Natasha
Aim: Natasha (heavily wounded)
The magic dart hits Natasha.
Natasha is heavily wounded.
Blork the orc comes into view.
He is wielding a mace of protection.
Casting: Magic Dart
Confirm with . or Enter, or press ? or * to list all spells.
Aiming: Magic Dart
Press: ? - help, Shift-Dir - straight line, f/p - Natasha
Aim: Natasha (heavily wounded)
The magic dart hits Natasha.
Natasha is severely wounded.
Blork the orc shouts!
Natasha stares at you and mumbles some strange words.
The magic dart hits you!
You die...

###############
#.............#
#.##.....####.#
##.#..P.P.####.#
#......_.......#
#..##.P.P.##.#.######
#..##..........@.h..##
#..###.#.............#
##..###.(.#####.##.#..o..
..........# #.# .# .###
##..#####.# ..# .# ....<#
#.# .#.. .# .....# ...
.... .# .#..... ...#. .#
.# .#.#.###..## ##


You could see Blork the orc and Natasha.

Vanquished Creatures
  A giant frog skeleton (D:4)
  A centaur skeleton (D:4)
  A worker ant (D:4)
  4 adders
  2 oozes
  2 worms (D:3)
  5 orcs (D:3)
  2 ball pythons
  7 bats
  7 giant cockroaches
  8 hobgoblins
  2 kobolds
  5 giant geckos
  5 giant newts
  6 goblins
  6 rats
64 creatures vanquished.

Vanquished Creatures (others)
  A goblin (D:3)
1 creature vanquished.

Grand Total: 65 creatures vanquished

Notes
Turn   | Place    | Note
--------------------------------------------------------------
     0 | D:1      | Ijustatesigmund the Deep Elf Wizard began the quest for the Orb.
     0 | D:1      | Reached XP level 1. HP: 10/10 MP: 7/7
   256 | D:1      | Reached XP level 2. HP: 15/15 MP: 5/9
   260 | D:1      | Learned a level 2 spell: Blink
   263 | D:1      | Learned a level 2 spell: Repel Missiles
  1246 | D:2      | Found a stormy altar of Qazlal.
  1279 | D:2      | Reached XP level 3. HP: 16/19 MP: 5/10
  1417 | D:2      | Found a blossoming altar of Fedhas.
  1510 | D:2      | Reached skill level 1 in Short Blades
  2153 | D:3      | Reached XP level 4. HP: 24/24 MP: 1/12
  2219 | D:3      | Found a glowing golden altar of the Shining One.
  2869 | D:3      | Found a sparkling altar of Nemelex Xobeh.
  3136 | D:4      | Reached XP level 5. HP: 19/28 MP: 2/13
  3257 | D:4      | Found a basalt altar of Yredelemnul.
  3266 | D:4      | Reached skill level 5 in Stealth
  3283 | D:4      | Learned a level 3 spell: Mephitic Cloud
  3436 | D:4      | Noticed Natasha
  3441 | D:4      | Noticed Blork the orc
  3441 | D:4      | Killed from afar by Natasha

Vault maps used:
D:1:      minmay_arrival_stair_chambers, amethyst_killhole
D:2:      overflow_temple_1_default, first_bread,
          nicolae_qazlal_eye_of_the_storm
D:3:      nemelex_altar_shiori, tso_altar
D:4:      marbit_many_paths, vehumet_crystals, minmay_temple_entry_overgrown,
          yredelemnul_altar_generic, uniq_edmund, uniq_duvessa,
          uniq_blork_the_orc, uniq_natasha

Action                   |  1- 3 |  4- 6 || total
-------------------------+-------+-------++-------
Melee: Dagger            |     1 |     9 ||    10
 Cast: Magic Dart        |    95 |    95 ||   190
       Repel Missiles    |     1 |       ||     1
  Use: Scroll            |     9 |     4 ||    13
 Stab: Sleeping          |     1 |       ||     1
  Eat: Chunk             |     2 |       ||     2
       Bread ration      |       |     1 ||     1
